 Dungeon Crawl Stone Soup version 0.20.1-1-g8b1a95d (webtiles) character file.

122 birkhead the Skirmisher (level 5, 0/41 HPs)
             Began as a Human Wanderer on Dec 13, 2017.
             Was a Priest of Jiyva.
             Slain by a bullfrog (3 damage)
             ... on level 6 of the Dungeon.
             The game lasted 00:32:53 (2611 turns).

birkhead the Skirmisher (Human Wanderer)            Turns: 2611, Time: 00:32:54

Health: 0/41       AC:  5    Str: 14    XL:     5   Next: 27%
Magic:  14/14      EV:  6    Int: 12    God:    Jiyva [***...]
Gold:   130        SH:  2    Dex: 12    Spells: 4/4 levels left

rFire    . . .     SeeInvis .   d - +1 quarterstaff
rCold    . . .     Gourm    .   (shield currently unavailable)
rNeg     . . .     Faith    .   k - +1 chain mail
rPois    .         Spirit   .   (no helmet)
rElec    .         Reflect  +   (no cloak)
rCorr    +         Harm     .   (no gloves)
MR       .....                  (no boots)
Stlth    ..........             n - +2 amulet of reflection
Regen    0.2/turn               i - ring of magical power
MPRegen  0.2/turn               (no ring)

@: no status effects
A: pseudopods 1
a: Request Jelly, Renounce Religion


You were on level 6 of the Dungeon.
You worshipped Jiyva.
Jiyva was most pleased with you.
You were not hungry.

You visited 1 branch of the dungeon, and saw 6 of its levels.

You collected 130 gold pieces.

Inventory:

Hand Weapons
 a - a +2 dagger
 c - a +0 blowgun
 d - a +1 quarterstaff (weapon)
Armour
 k - a +1 chain mail (worn)
Jewellery
 i - a ring of magical power (left hand)
 n - a +2 amulet of reflection (around neck)
Scrolls
 e - a scroll of fog
 l - 5 scrolls of identify
Potions
 b - a potion of haste
 g - a potion of resistance {unknown}
 o - a potion of curing
 p - a potion of lignification {unknown}
 r - a potion of magic
Comestibles
 f - 3 bread rations
 h - a chunk of flesh
 j - 7 fruits
 m - a royal jelly


   Skills:
 + Level 3.2 Fighting
 + Level 3.0 Staves
 - Level 1.0 Throwing
 + Level 1.8 Armour
 - Level 1.9 Dodging
 - Level 1.0 Stealth
   Level 2.0 Conjurations
   Level 1.0 Hexes
   Level 1.0 Evocations


You had 4 spell levels left.
You didn't know any spells.

Dungeon Overview and Level Annotations

Branches:
Dungeon (6/15)             Temple (0/1) D:5

Altars:
Ashenzari
Okawaru
Jiyva

Annotations:
D:5 Eustachio, Menkaure


Innate Abilities, Weirdness & Mutations

Armour fits poorly on your pseudopods.


Message History

You feel a little less hungry. x2
A bullfrog and an orc come into view.
The bullfrog croaks.
The orc shouts!
An orc wizard comes into view. It is wielding a dagger.
An orc comes into view. It is wielding a hand axe.
The orc shouts!
The orc wizard shouts!
The bullfrog hits you.
* * * LOW HITPOINT WARNING * * *
The bullfrog hits you.
* * * LOW HITPOINT WARNING * * *
The bullfrog hits you.
* * * LOW HITPOINT WARNING * * *
Found a stone staircase leading down.
An orc comes into view. It is wielding a flail.
The bullfrog hits you but does no damage.
The bullfrog hits you but does no damage.
The bullfrog barely misses you.
The orc wizard gestures wildly while chanting.
The orc wizard seems to speed up.
The bullfrog hits you.
You die...

#.........# #.#######.#
#.## ..#.# #.##.##.#.#
#.##.##.#.#
#.......#.###.# #
#.##.#........#
>...########.##...<#.#####
#.....o.o.o.F@.......#
#.#.###.####.##......#
.J..............#
###.####.........### #.#
###......##.. ..#
#......##.# #..
...J..#.#.##.# #.#
####....#.##.# #.####.##.#


You could see a bullfrog, an orc wizard and 2 orcs.

Vanquished Creatures
  An orc wizard (D:3)
  3 adders
  A dart slug (D:3)
  3 leopard geckos
  2 orcs (D:3)
  4 giant cockroaches
  6 hobgoblins
  5 jackals (D:3)
  9 kobolds
  5 bats
  6 frilled lizards
  7 goblins
  7 rats
59 creatures vanquished.

Vanquished Creatures (others)
  The ghost of raph the Grave Robber, an amateur DDNe (D:3)
  Blork the orc (D:6)
  An adder (D:2)
  4 orcs
  A giant cockroach (D:2)
  3 goblins (D:3)
  A hobgoblin (D:3)
  A jackal (D:6)
  2 quokkas (D:6)
  3 bats (D:3)
  A kobold (D:3)
  A rat (D:3)
20 creatures vanquished.

Grand Total: 79 creatures vanquished

Notes
Turn   | Place    | Note
-------+----------+-------------------------------------------
     0 | D:1      | birkhead the Human Wanderer began the quest for the Orb.
     0 | D:1      | birkhead set off with: a +2 dagger, a potion of haste, a potion of curing, a +0 quarterstaff, a +0 robe, a bread ration
     0 | D:1      | Reached XP level 1. HP: 16/16 MP: 1/1
   143 | D:1      | Reached XP level 2. HP: 18/23 MP: 2/2
   606 | D:1      | Reached skill level 1 in Dodging
   606 | D:1      | Reached XP level 3. HP: 25/28 MP: 3/3
   770 | D:2      | Reached skill level 1 in Armour
   778 | D:2      | Found a faded altar of an unknown god.
   784 | D:2      | Became a worshipper of Jiyva Jetirhax the Shapeless
   784 | D:2      | Reached * piety under Jiyva
   836 | D:2      | Found an iron altar of Okawaru.
   954 | D:2      | Found a shattered altar of Ashenzari.
  1637 | D:2      | Reached XP level 4. HP: 12/34 MP: 4/4
  1963 | D:3      | Reached ** piety under Jiyva
  2000 | D:3      | Reached XP level 5. HP: 24/41 MP: 5/5
  2025 | D:3      | Reached *** piety under Jiyva
  2044 | D:3      | Killed raph's ghost
  2134 | D:3      | Gained mutation: Armour fits poorly on your pseudopods. [Jiyva's grace]
  2381 | D:4      | Noticed an ogre
  2405 | D:5      | Entered Level 5 of the Dungeon
  2425 | D:5      | HP: 2/41 [ogre/giant club (16)]
  2434 | D:5      | Noticed Menkaure
  2434 | D:5      | Noticed a bullfrog
  2436 | D:5      | Found a staircase to the Ecumenical Temple.
  2574 | D:5      | Noticed Eustachio
  2582 | D:6      | Killed Blork the orc
  2603 | D:6      | Noticed a bullfrog
  2605 | D:6      | HP: 2/41 [bullfrog (6)]
  2611 | D:6      | Slain by a bullfrog

Skill      XL: |  1  2  3  4  5 |
---------------+----------------+-----
Dodging        | 1 |  1.9
Armour         | 1 |  1.8
Fighting       | 3 |  3.2
Staves         | 3 |  3.0
Throwing       | |  1.0
Stealth        | |  1.0
Conjurations   | |  2.0
Hexes          | |  1.0
Evocations     | |  1.0

Action                   |  1- 3 |  4- 6 || total
-------------------------+-------+-------++-------
Melee: Quarterstaff      |   124 |    93 ||   217
       Pseudopods        |       |    10 ||    10
Invok: Request Jelly     |       |     1 ||     1
  Use: Scroll            |     6 |     1 ||     7
       Potion            |       |     1 ||     1
 Stab: Sleeping          |     1 |       ||     1
  Eat: Chunk             |     2 |     1 ||     3
Armor: Chain mail        |    80 |    68 ||   148
       Robe              |     3 |       ||     3
Dodge: Dodged            |    31 |    24 ||    55
Block: Other             |     1 |     9 ||    10
